AoeStats
← raton

Arabia

508520443Analyzed
3v3 RM · 9d ago on Sep 22, 2026· 43m 6s· 6 players
Game mode
Random Map
Map size
Normal (6 player)
Population
200
Speed
Normal
Resources
Standard
Victory
Conquest
Starting age
Dark Age
Ending age
Imperial Age
RankedLock teamsTeams togetherTeam positionsShared explorationLock speedFull tech treeHidden civsTurbo modeCheats
Victory
Defeat
🇪🇸 Britons · Spain
1199
+15
🇷🇺 Italians · Russia
1148
+17
🇷🇺 Celts · Russia
1133
+17
🇪🇸 Mongols · Spain
1195
-18
🇪🇸 Random · Spain
1166
-16
🇪🇸 Malians · Spain
1143
-15
Trinidad
7:01 Loom
10:16 Feudal Age
17:45 Wheelbarrow
17:30 Double-Bit Axe
21:34 Castle Age
20:23 Scale Barding Armor
20:37 Forging
20:43 Gold Mining
21:56 Bloodlines
23:25 Chain Barding Armor
23:58 Husbandry
25:44 Iron Casting
25:11 Light Cavalry
38:33 Fletching
39:35 Bow Saw
a.arias.age
6:55 Loom
9:08 Feudal Age
19:25 Castle Age
19:10 Double-Bit Axe
19:17 Stone Mining
20:26 Man-at-Arms
21:18 Forging
21:50 Scale Mail Armor
22:26 Fletching
22:38 Gold Mining
23:23 Long Swordsman
25:31 Scale Mail Armor
raton
2:39 Loom
8:22 Feudal Age
15:31 Double-Bit Axe
20:43 Castle Age
19:01 Gold Mining
18:55 Horse Collar
19:47 Fletching
19:58 Padded Archer Armor
23:40 Gold Shaft Mining
23:18 Bow Saw
27:10 Heavy Plow
28:56 Town Watch
29:49 Wheelbarrow
30:23 Bodkin Arrow
30:43 Leather Archer Armor
30:36 Scale Barding Armor
31:32 Husbandry
34:15 Bloodlines
37:43 Thumb Ring
DS_nachitov
7:44 Loom
9:30 Feudal Age
12:02 Double-Bit Axe
14:31 Fletching
14:45 Horse Collar
21:31 Castle Age
19:52 Gold Mining
21:42 Padded Archer Armor
22:20 Wheelbarrow
21:53 Crossbowman
23:38 Bodkin Arrow
24:22 Ballistics
25:27 Town Watch
26:12 Pikeman
27:32 Gold Shaft Mining
29:35 Hand Cart
32:03 Forging
31:40 Treadmill Crane
33:02 Scale Mail Armor
36:23 Imperial Age
33:46 Stone Mining
35:00 Masonry
36:28 Leather Archer Armor
36:48 Iron Casting
36:35 Bow Saw
36:29 Arbalester
37:37 Conscription
37:54 Bracer
41:47 Chemistry
41:48 Ring Archer Armor
42:15 Squires
lokki202
4:20 Loom
13:14 Feudal Age
17:59 Double-Bit Axe
20:24 Castle Age
22:20 Pikeman
22:36 Pikeman
36:29 Bow Saw
38:43 Horse Collar
40:43 Heavy Plow
46:07 Imperial Age
Rexan_
5:02 Loom
9:40 Feudal Age
10:55 Double-Bit Axe
18:00 Wheelbarrow
17:40 Fletching
19:37 Horse Collar
22:45 Castle Age
20:52 Gold Mining
23:57 Bow Saw
23:47 Bodkin Arrow
23:14 Crossbowman
27:28 Ballistics
28:15 Hand Cart
29:02 Stone Mining
29:21 Padded Archer Armor
30:19 Thumb Ring
33:32 Leather Archer Armor
32:42 Pikeman
36:59 Imperial Age
37:46 Bracer
Connection lost

Rejoining the realm…

Still unreachable

The connection could not be restored.

Session expired

The server has moved on; the page needs a fresh start.